AoeStats
← 沙正街小霸王

Arena

510312019Analyzed
3v3 RM · 20h ago on Sep 30, 2026· 43m 18s· 6 players
Game mode
Random Map
Map size
Normal (6 player)
Population
200
Speed
Normal
Resources
Standard
Victory
Conquest
Starting age
Dark Age
Ending age
Imperial Age
RankedLock teamsTeams togetherTeam positionsShared explorationLock speedFull tech treeHidden civsTurbo modeCheats
Victory
Defeat
🇮🇩 Bulgarians · Indonesia
1022
+14
🇮🇩 Hindustanis · Indonesia
1011
+14
🇹🇷 Celts · Türkiye
983
+15
🇨🇳 Britons · China
1014
-15
🇨🇳 Varangians · China
975
-15
🇹🇼 Persians · Taiwan
929
-13
死在星期八
10:52 Feudal Age
14:31 Castle Age
12:59 Double-Bit Axe
13:12 Horse Collar
19:29 Scale Mail Armor
22:21 Forging
27:12 Squires
26:58 Arson
26:58 Gambesons
27:31 Chain Mail Armor
27:52 Iron Casting
28:49 Heavy Plow
29:42 Wheelbarrow
28:53 Loom
32:28 Iron Casting
roger777
4:49 Loom
11:08 Feudal Age
15:44 Castle Age
18:27 Fletching
24:42 Double-Bit Axe
25:51 Bloodlines
26:51 Forging
27:51 Crossbowman
28:44 Padded Archer Armor
30:41 Bodkin Arrow
32:52 Thumb Ring
35:22 Kamandaran
37:57 Wheelbarrow
37:51 Leather Archer Armor
43:30 Imperial Age
沙正街小霸王
SL | Icheng
11:06 Feudal Age
11:42 Double-Bit Axe
12:10 Arson
14:39 Horse Collar
15:27 Fletching
17:49 Forging
23:29 Scale Mail Armor
24:53 Gold Mining
27:19 Castle Age
27:35 Pikeman
31:21 Squires
31:07 Gambesons
33:10 Iron Casting
36:18 Chain Mail Armor
42:13 Wheelbarrow
42:32 Town Watch
NUTAS
10:13 Feudal Age
12:27 Wheelbarrow
11:59 Double-Bit Axe
12:03 Horse Collar
17:29 Castle Age
16:11 Gold Mining
16:12 Stone Mining
21:39 Heavy Plow
21:53 Bow Saw
26:19 Stone Mining
29:04 Stone Shaft Mining
32:06 Gold Shaft Mining
34:36 Hand Cart
SL | WHITE_ACE
11:42 Feudal Age
15:37 Castle Age
13:52 Loom
14:15 Horse Collar
14:38 Double-Bit Axe
15:47 Loom
16:53 Loom
17:40 Bow Saw
17:36 Gold Mining
19:55 Scale Barding Armor
21:21 Stone Mining
24:33 Forging
24:55 Bloodlines
26:03 Wheelbarrow
25:14 Town Watch
26:30 Gold Shaft Mining
26:54 Ballistics
27:25 Hand Cart
27:41 Heavy Plow
31:21 Imperial Age
29:58 Chain Barding Armor
29:32 Fletching
29:45 Padded Archer Armor
30:36 Masonry
31:19 Stone Shaft Mining
30:58 Bodkin Arrow
31:20 Leather Archer Armor
31:12 Husbandry
32:03 Bracer
32:35 Ring Archer Armor
33:15 Chemistry
33:34 Ring Archer Armor
33:11 Thumb Ring
32:58 Heavy Camel Rider
34:56 Town Patrol
36:00 Iron Casting
36:01 Plate Barding Armor
38:50 Two-Man Saw
38:57 Blast Furnace
39:37 Elite Skirmisher
41:24 Conscription
41:58 Siege Engineers
42:05 Fortified Wall
41:51 Murder Holes
41:40 Imperial Camel Rider
43:25 Caravan
43:55 Coinage
43:41 Shatagni
44:21 Hoardings
Connection lost

Rejoining the realm…

Still unreachable

The connection could not be restored.

Session expired

The server has moved on; the page needs a fresh start.